 Dungeon Crawl Stone Soup version 0.30-a0-3-gc9032a9cac (webtiles) character file.

Game seed: 8397013689839817224

27495 Flugkiller the Cleaver (level 13, 0/90 HPs)
             Began as an Octopode Cinder Acolyte on Aug 20, 2022.
             Was a Believer of Ignis.
             Slain by a manticore (5 damage)
             ... on level 3 of the Lair of Beasts.
             The game lasted 00:35:42 (18895 turns).

Flugkiller the Cleaver (Octopode Cinder Acolyte)   Turns: 18895, Time: 00:35:43

Health: 0/90       AC:  5    Str: 20    XL:     13   Next: 32%
Magic:  13/17      EV: 21    Int: 22    God:    Ignis [**....]
Gold:   867        SH:  0    Dex: 21    Spells: 3/18 levels left

rFire   . . .      SeeInvis +    E - +5 war axe (elec)
rCold   + + .      Faith    .    (no shield)
rNeg    . . .      Spirit   .    (helmet restricted)
rPois   .          Reflect  .    l - amulet of the Prince {Acrobat rF+ Dex+9}
rElec   .          Harm     .    i - ring of see invisible
rCorr   .          Rampage  .    x - +6 ring of intelligence
Will    .....                    p - +4 ring of protection
Stlth   +++.......               a - ring of wizardry
HPRegen 0.25/turn                e - ring of ice
MPRegen 0.15/turn                O - +6 ring of strength
                                 T - ring of ice
                                 (no ring)

@: confusing by touch, spiked
A: almost no armour, amphibious, 8 rings, camouflage 1, gelatinous body 1,
(nimble swimmer 1), tentacles
a: Renounce Religion, Fiery Armour, Foxfire Swarm, Rising Flame


You were on level 3 of the Lair of Beasts.
You worshipped Ignis.
Ignis was pleased with you.
You visited 2 branches of the dungeon, and saw 14 of its levels.
You also visited: Ossuary.

You collected 867 gold pieces.

Inventory:

Hand Weapons
 E - a +5 war axe of electrocution (weapon)
   (You took it off an orc priest on level 4 of the Dungeon)
 F - a +0 broad axe
   (You took it off Maggie on level 7 of the Dungeon)
 K - a +1 demon whip of venom
   (You took it off Amaemon on level 8 of the Dungeon)
 R - a +2 scimitar of flaming
   (You took it off Erica on level 11 of the Dungeon)
 W - a +2 demon trident of draining
   (You took it off Urug on level 10 of the Dungeon)
 Y - the +9 dagger of the Ship {freeze, Dex+4 SInv Stlth+}
   (You found it on level 2 of the Lair of Beasts)

   It freezes those it strikes, dealing additional cold damage.
   It can also slow down cold-blooded creatures.
   Dex:       It affects your dexterity (+4).
   SInv:      It lets you see invisible.
   Stlth:     It makes you more stealthy.
Missiles
 D - 3 throwing nets
 H - a curare-tipped dart
 P - 3 silver javelins
 Q - 10 javelins (quivered)
Jewellery
 a - a ring of wizardry (on tentacle)
   (You took it off an orc warrior on level 6 of the Dungeon)
 e - a ring of ice (on tentacle)
   (You found it on level 1 of the Dungeon)
 i - a ring of see invisible (left tentacle)
   (You found it on level 2 of the Dungeon)
 l - the amulet of the Prince (around mantle) {Acrobat rF+ Dex+9}
   (You found it on level 2 of the Dungeon)

   [amulet of the acrobat]

   It increases your evasion while moving and waiting.
   Dex:       It affects your dexterity (+9).
   rF:        It protects you from fire.
 p - a +4 ring of protection (on tentacle)
   (You found it on level 7 of the Dungeon)
 x - a +6 ring of intelligence (right tentacle)
   (You found it on level 3 of the Dungeon)
 O - a +6 ring of strength (on tentacle)
   (You found it on level 8 of the Dungeon)
 T - a ring of ice (on tentacle)
   (You found it on level 10 of the Dungeon)
Wands
 C - a wand of polymorph (2)
   (You found it on level 9 of the Dungeon)
 G - a wand of flame (28)
   (You found it on level 3 of the Dungeon)
 I - a wand of acid (3)
   (You found it on level 10 of the Dungeon)
 N - a wand of digging (5)
   (You found it on level 9 of the Dungeon)
 U - a wand of paralysis (2)
   (You found it on level 1 of the Lair of Beasts)
 V - a wand of iceblast (10)
   (You found it on level 1 of the Lair of Beasts)
 X - a wand of mindburst (8)
   (You found it on level 2 of the Lair of Beasts)
Scrolls
 c - 5 scrolls of enchant armour
 h - a scroll of amnesia
 j - a scroll of fog
 m - a scroll of magic mapping
 r - a scroll of silence {unknown}
 s - a scroll of immolation
 t - 3 scrolls of teleportation
 u - a scroll of poison {unknown}
 v - a scroll of brand weapon {unknown}
 z - a scroll of blinking
 J - a scroll of fear {unknown}
 S - 2 scrolls of torment
Potions
 b - 2 potions of haste {unknown}
 d - a potion of lignification
 f - 2 potions of magic {unknown}
 g - 3 potions of brilliance
 k - 8 potions of attraction
 n - 2 potions of resistance
 o - 7 potions of flight
 q - 2 potions of curing
 w - a potion of heal wounds
 y - 8 potions of ambrosia
 A - 3 potions of berserk rage {unknown}
 B - a potion of mutation {unknown}
 L - 3 potions of might {unknown}
Miscellaneous
 M - a piece from Xom's chessboard (15/15)
   (You found it on level 9 of the Dungeon)


   Skills:
 + Level 9.0 Fighting
 + Level 12.4(12.6) Axes
 - Level 3.5(8.7) Polearms
 - Level 6.0 Throwing
 + Level 10.8 Dodging
 - Level 2.0 Stealth
 - Level 3.0 Spellcasting
 - Level 2.0 Conjurations
 + Level 5.2 Hexes
 - Level 4.0 Fire Magic
 - Level 3.0 Ice Magic
 - Level 5.0 Earth Magic
 - Level 6.0 Evocations


You had 3 spell levels left.
You knew the following spells:

 Your Spells              Type           Power      Damage    Failure   Level
a - Scorch                Fire           40%        2d7       1%          2
b - Conjure Flame         Conj/Fire      16%        6-21      4%          3
c - Ozocubu's Armour      Ice            37%        N/A       4%          3
d - Leda's Liquefaction   Hex/Erth       12%        N/A       6%          4
e - Confusing Touch       Hex            26%        N/A       1%          3

Your spell library contained the following spells:

 Spells                   Type           Power      Damage    Failure   Level
 Foxfire                  Conj/Fire      64%        2x1d7     1%          1
 Slow                     Hex            100%       N/A       1%          1
 Ensorcelled Hibernation  Hex/Ice        96%        N/A       1%          2
 Magic Dart               Conj           48%        1d5       2%          1
 Inner Flame              Hex/Fire       23%        N/A       2%          3
 Dazzling Flash           Conj/Hex       38%        N/A       3%          3
 Beastly Appendage        Tmut           6%         N/A       4%          1
 Sting                    Tmut/Pois      12%        1d3       4%          1
 Portal Projectile        Hex/Tloc       28%        N/A       5%          3
 Call Imp                 Summ           3%         N/A       8%          2
 Poisonous Vapours        Pois/Air       6%         N/A       8%          2
 Wereblood                Tmut           3%         N/A       8%          2
 Mephitic Cloud           Conj/Pois/Air  6%         N/A       12%         3
 Call Canine Familiar     Summ           3%         N/A       16%         3
 Spider Form              Tmut/Pois      3%         N/A       16%         3
 Vampiric Draining        Necr           3%         2d6       16%         3
 Flame Wave               Conj/Fire      16%        2d7       14%         4
 Anguish                  Hex/Necr       7%         N/A       16%         4
 Iskenderun's Mystic Bla  Conj/Tloc      7%         2d4       32%         4
 Olgreb's Toxic Radiance  Pois           3%         N/A       43%         4
 Starburst                Conj/Fire      8%         6d4       89%         6
 Ozocubu's Refrigeration  Ice            18%        4d11      100%        7


Dungeon Overview and Level Annotations

Branches:
Dungeon (11/15) Zot: 25750  Temple (0/1) D:7            Lair (3/5) D:9 Zot: 14504
 Spider (0/4) Lair:2      Ossuary (visited)
  Swamp: Lair:2-3    Shoals: Lair:2-3       Orc: D:9-12

Altars:
Cheibriados
Gozag
Hepliaklqana
Okawaru
Qazlal
Ru
Sif Muna
Trog
Vehumet
Wu Jian
Xom
Yredelemnul
The Shining One

Shops:
D:1 (

Annotations:
D:4 1 runed translucent door, Crazy Yiuf
D:6 1 runed translucent door, exclusion: ogre, flestrin's ghost, novice DsNe
D:7 exclusion: acid dragon
D:8 3 runed translucent doors, Plasmagod's ghost, novice TrBe
Lair:1 exclusion: plant


Innate Abilities, Weirdness & Mutations

You cannot wear most types of armour.
You are amphibious.
You can wear up to eight rings at the same time.
Your skin changes colour to match your surroundings (Stealth+).
Your rubbery body absorbs attacks. (AC +1, EV +1)
((You are camouflaged when in or above water. (Stealth+)))
You have tentacles for arms and can constrict up to eight enemies at once.


Message History

You slash the yak!
You kill the yak!
The wyvern misses you. x2
You hit the wind drake but do no damage.
You squeeze the wind drake!
The wind drake is moderately wounded.
You barely miss the wyvern. The wyvern misses you. The wind drake misses you.
You miss the wind drake.
The wind drake is moderately wounded.
You slash the wyvern!
You kill the wyvern!
The wind drake bites you but does no damage.
Your Fighting skill increases to level 9!
You slash the wind drake!
Lightning courses through the wind drake!
Your squeeze misses the wind drake.
The wind drake is severely wounded.
You hit the yak. Lightning courses through the yak!
The wind drake closely misses you.
You miss the wind drake. You squeeze the wind drake!
The wind drake is severely wounded.
You hit the yak but do no damage. Lightning courses through the yak!
The yak barely misses you.
The wind drake exhales a fierce blast of wind!
Your icy armour cracks and falls away as you move.
You are blown backwards!
Unknown command.
The wind drake barely misses you. The yak completely misses you. x2
The wind drake flaps its wings at you. The air twists around and strikes you!
You closely miss the wind drake.
The wind drake is severely wounded.
You barely miss the yak.
A manticore comes into view.
The wind drake flaps its wings at you. The air twists around and strikes you!
You closely miss the wind drake.
The wind drake is severely wounded.
You hit the yak but do no damage. The yak gores you!
The wind drake exhales a fierce blast of wind!
You are blown backwards!
Aiming: Iceblast
Press: ? - help, Shift-Dir - straight line, f - yak
Aim: a yak (almost dead)
The mass of ice explodes!
The iceblast engulfs the yak!!
You kill the yak!
The iceblast engulfs the wind drake!!
You kill the wind drake!
Unknown command.
Unknown command.
The ground is no longer liquid beneath you.
The manticore flicks its tail.
The volley of spikes misses you.
Casting: Ozocubu's Armour (mildly dangerous; 4% risk of failure)
Confirm with . or Enter, or press ? or * to list all spells.
Your tentacles begin to glow red.
The manticore flicks its tail.
The volley of spikes hits you!!
The barbed spikes become lodged in your body.
* * * LOW HITPOINT WARNING * * *
You feel much better.
The manticore flicks its tail.
The volley of spikes hits you!
The barbed spikes become lodged in your body.
* * * LOW HITPOINT WARNING * * *
Aiming: Paralyse
Press: ? - help, Shift-Dir - straight line, f - manticore
Aim: a manticore (chance to confuse on hit: 39%, chance to affect: 47%)
The manticore resists with some effort.
Aiming: Paralyse
Press: ? - help, Shift-Dir - straight line, f/p - manticore
Aim: a manticore (chance to confuse on hit: 39%, chance to affect: 47%)
The manticore resists with some effort.
The manticore misses you. The manticore closely misses you.
The manticore completely misses you.
Aiming: Paralyse
Press: ? - help, Shift-Dir - straight line, f/p - manticore
Aim: a manticore (chance to confuse on hit: 39%, chance to affect: 47%)
The manticore resists with some effort.
The manticore closely misses you. The manticore claws you!
* * * LOW HITPOINT WARNING * * *
The manticore claws you.
* * * LOW HITPOINT WARNING * * *
Aiming: Paralyse
Press: ? - help, Shift-Dir - straight line, f/p - manticore
Aim: a manticore (chance to confuse on hit: 39%, chance to affect: 47%)
The manticore resists with some effort.
The manticore bites you!
* * * LOW HITPOINT WARNING * * *
The manticore claws you.
* * * LOW HITPOINT WARNING * * *
The manticore closely misses you.
Aiming: Paralyse
Press: ? - help, Shift-Dir - straight line, f/p - manticore
Aim: a manticore (chance to confuse on hit: 39%, chance to affect: 47%)
The manticore resists with some effort.
The manticore barely misses you. The manticore closely misses you. x2
Aiming: Paralyse
Press: ? - help, Shift-Dir - straight line, f/p - manticore
Aim: a manticore (chance to confuse on hit: 39%, chance to affect: 47%)
The manticore resists with some effort.
The manticore bites you.
You die...

#...# ### ...## ####.# #..##
#....### # #..## #######...P.#
.# # ##††####.##....†.(.# .##..
##.†..........#..## #....
#.H...P.#..#..#..##.#.#
###.....##.#.##P##.....###
###.......##@...#####.<....#
............H..#..# #........
....P##.P#.....###.....##......
#.... #####...## ....# #.....
#..# #P..# ..#### .P##. ###
##### # # ###


You could see a manticore.

Vanquished Creatures
  Fannar (Lair:2)
  A hydra (Lair:2)
  A boulder beetle (D:6)
  Erica (D:11)
  7 death yaks
  Urug (D:10)
  Amaemon (D:8)
  A cyclops (D:11)
  2 wolf spiders (Lair:2)
  An orange demon (D:8)
  6 cane toads
  A torpor snail (Lair:1)
  A rime drake (Lair:1)
  Psyche (D:8)
  Maggie (D:7)
  A queen bee (Lair:1)
  4 trolls
  A wind drake (Lair:3)
  2 hornets
  7 blink frogs (Lair:1)
  A jumping spider (Lair:2)
  3 wyverns
  2 wraiths
  33 yaks
  2 basilisks (Lair:2)
  3 steam dragons
  3 vampire mosquitoes (D:11)
  Edmund (D:4)
  2 water moccasins
  3 orc warriors
  An ice beast (D:6)
  3 black bears
  3 wolves (Lair:2)
  4 centaurs
  An ogre (D:4)
  2 phantoms
  Blork the orc (D:4)
  2 kobold brigands
  2 necrophages
  8 bullfrogs
  3 gnoll sergeants
  A scorpion (D:5)
  8 wights
  34 killer bees
  2 howler monkeys
  2 centaur zombies (Ossuary)
  3 quasits (D:5)
  2 gnoll boudas (D:6)
  3 hounds
  3 human zombies (Ossuary)
  3 jellies
  6 orc priests
  Ijyb (D:4)
  7 orc wizards
  2 mummies (Ossuary)
  24 gnolls
  5 adders
  6 shadow imps
  4 white imps
  2 ufetubi
  2 adder zombies (Ossuary)
  A worm (D:2)
  3 dart slugs
  32 orcs
  5 endoplasms
  3 giant cockroaches
  11 goblins
  7 hobgoblins
  3 quokkas
  6 ball pythons
  4 bats
  3 frilled lizards
  2 goblin zombies
  12 hobgoblin zombies (Ossuary)
  A jackal zombie (Ossuary)
  16 kobolds
  10 kobold zombies (Ossuary)
  6 orc zombies (Ossuary)
  A quokka zombie (D:4)
  22 rats
393 creatures vanquished.

Vanquished Creatures (others)
  2 demonic plants (D:5)
  32 foxfires (D:6)
  4 fungi
  10 plants
48 creatures vanquished.

Grand Total: 441 creatures vanquished

Notes
Turn   | Place    | Note
-------+----------+-------------------------------------------
     0 | D:1      | Flugkiller the Octopode Cinder Acolyte began the quest for
                  | the Orb.
     0 | D:1      | Reached XP level 1. HP: 16/16 MP: 2/2
   258 | D:1      | Reached XP level 2. HP: 20/21 MP: 3/3
   269 | D:1      | Learned a level 2 spell: Scorch
   340 | D:1      | Found Piefial's Weapon Boutique.
   385 | D:1      | Found a faded altar of an unknown god.
   412 | D:1      | Reached XP level 3. HP: 23/27 MP: 4/4
   787 | D:2      | Identified the amulet of the Prince {Acrobat rF+ Dex+9}
   816 | D:2      | Identified the +6 whip of the Land of Plenty {freeze,
                  | +Blink rElec rN+++ Str-5}
   938 | D:2      | Reached skill level 1 in Dodging
  1430 | D:2      | Reached XP level 4. HP: 26/33 MP: 5/5
  1785 | D:3      | Found a shimmering blue altar of Sif Muna.
  1786 | D:3      | Found an opulent altar of Gozag.
  1787 | D:3      | Found a shimmering altar of Xom.
  1848 | D:3      | Found a stormy altar of Qazlal.
  1850 | D:3      | Found an iron altar of Okawaru.
  1851 | D:3      | Found a sacrificial altar of Ru.
  1852 | D:3      | Found an ornate altar of the Wu Jian Council.
  1942 | D:3      | Found a glowing golden altar of the Shining One.
  1978 | D:3      | Found a hazy altar of Hepliaklqana.
  2778 | D:4      | Found a runed translucent door.
  2779 | D:4      | Noticed Crazy Yiuf
  2794 | D:4      | Found a sand-covered staircase.
  2808 | Ossuary  | Entered an ossuary
  2981 | Ossuary  | Reached XP level 5. HP: 12/37 MP: 6/6
  3061 | Ossuary  | Reached XP level 6. HP: 15/43 MP: 7/7
  3533 | Ossuary  | Reached skill level 5 in Dodging
  3533 | Ossuary  | Reached skill level 1 in Stealth
  3603 | D:4      | Found a radiant altar of Vehumet.
  3844 | D:3      | Learned a level 3 spell: Conjure Flame
  4088 | D:4      | Noticed Ijyb
  4152 | D:4      | Killed Ijyb
  4240 | D:4      | Noticed Blork the orc
  4435 | D:4      | Killed Blork the orc
  4436 | D:4      | Reached skill level 1 in Conjurations
  4436 | D:4      | Reached XP level 7. HP: 39/49 MP: 7/9
  4628 | D:4      | Noticed Edmund
  4648 | D:4      | Killed Edmund
  4649 | D:4      | Reached skill level 5 in Fighting
  5193 | D:5      | Entered Level 5 of the Dungeon
  5806 | D:4      | Reached XP level 8. HP: 14/55 MP: 11/11
  6172 | D:5      | Reached skill level 1 in Axes
  6172 | D:5      | Reached skill level 1 in Evocations
  6327 | D:5      | Reached skill level 2 in Axes
  6406 | D:5      | Reached skill level 3 in Axes
  6472 | D:5      | Reached skill level 4 in Axes
  7040 | D:5      | You fall into a shaft and drop 3 floors!
  7056 | D:7      | Found a staircase to the Ecumenical Temple.
  7066 | D:6      | Reached skill level 5 in Axes
  7428 | D:6      | Reached skill level 6 in Axes
  7650 | D:6      | Reached XP level 9. HP: 61/61 MP: 12/12
  8714 | D:6      | Noticed a boulder beetle
  8778 | D:7      | Noticed Maggie
  8791 | D:7      | Killed Maggie
  8880 | D:7      | Learned a level 3 spell: Ozocubu's Armour
  8984 | D:7      | Reached skill level 7 in Axes
  8991 | D:7      | Reached skill level 1 in Ice Magic
  9524 | D:8      | Noticed Psyche
  9532 | D:8      | Killed Psyche
  9608 | D:8      | Reached XP level 10. HP: 68/68 MP: 13/13
  9630 | D:8      | Noticed Amaemon
  9630 | D:8      | Noticed an orange demon
  9952 | D:6      | Killed a boulder beetle
  9953 | D:6      | Reached skill level 8 in Axes
 10208 | D:6      | Noticed flestrin's ghost (novice DsNe)
 10210 | D:6      | Found a runed translucent door.
 10683 | D:8      | Found a runed translucent gate.
 10683 | D:8      | Found a runed translucent gate.
 10684 | D:8      | Found a runed translucent gate.
 10689 | D:8      | Noticed Plasmagod's ghost (novice TrBe)
 10826 | D:8      | Killed an orange demon
 11038 | D:8      | Killed Amaemon
 11039 | D:8      | Reached skill level 5 in Evocations
 11129 | D:8      | Found a shimmering blue altar of Sif Muna.
 11369 | D:9      | Found a staircase to the Lair.
 11532 | D:9      | Reached XP level 11. HP: 24/75 MP: 11/14
 11824 | D:9      | Found a snail-covered altar of Cheibriados.
 12031 | D:9      | Found a bloodstained altar of Trog.
 12054 | D:9      | Reached skill level 9 in Axes
 12402 | D:10     | Entered Level 10 of the Dungeon
 12410 | D:10     | Found a basalt altar of Yredelemnul.
 12749 | D:10     | Noticed Urug
 13381 | D:10     | Killed Urug
 13489 | D:10     | Reached skill level 10 in Dodging
 13660 | D:10     | Reached skill level 10 in Axes
 14159 | D:11     | Reached skill level 1 in Throwing
 14405 | D:11     | Noticed a cyclops
 14421 | D:11     | Killed a cyclops
 14691 | D:11     | Noticed Erica
 14705 | D:11     | Killed Erica
 14706 | D:11     | Reached skill level 11 in Axes
 15042 | D:11     | Reached XP level 12. HP: 82/82 MP: 15/15
 15392 | Lair:1   | Entered Level 1 of the Lair of Beasts
 15600 | Lair:1   | Noticed a death yak
 15600 | Lair:1   | Noticed a death yak
 15625 | Lair:1   | Killed a death yak
 15630 | Lair:1   | Killed a death yak
 15958 | Lair:1   | Reached skill level 5 in Throwing
 16478 | Lair:1   | Learned a level 4 spell: Leda's Liquefaction
 16553 | Lair:1   | Reached skill level 1 in Hexes
 16553 | Lair:1   | Reached skill level 1 in Earth Magic
 17241 | Lair:2   | Noticed a five-headed hydra
 17254 | Lair:2   | Killed a one-headed hydra
 17606 | Lair:2   | Found a shimmering altar of Xom.
 17611 | Lair:2   | Noticed a death yak
 17611 | Lair:2   | Noticed a death yak
 17611 | Lair:2   | Noticed a death yak
 17636 | Lair:2   | Killed a death yak
 17638 | Lair:2   | Noticed a death yak
 17639 | Lair:2   | Noticed a death yak
 17643 | Lair:2   | Killed a death yak
 17668 | Lair:2   | Killed a death yak
 17669 | Lair:2   | Reached skill level 5 in Hexes
 17669 | Lair:2   | Reached skill level 5 in Earth Magic
 17669 | Lair:2   | Killed a death yak
 17990 | Lair:2   | Reached XP level 13. HP: 88/88 MP: 17/17
 18002 | Lair:2   | Identified the +9 dagger of the Ship {freeze, Dex+4 SInv
                  | Stlth+}
 18038 | Lair:2   | Reached skill level 12 in Axes
 18158 | Lair:2   | Noticed Fannar
 18171 | Lair:2   | Killed Fannar
 18431 | Lair:2   | Found a hole to the Spider Nest.
 18687 | Lair:2   | Learned a level 3 spell: Confusing Touch
 18893 | Lair:3   | HP: 4/90 [manticore (2)]
 18895 | Lair:3   | Slain by a manticore

Illustrated notes

Levels and vault maps discovered:
D:1:      co_arrival_random_square_maze, layout_rooms,
          ebering_ecumenical_altar_ruins, serial_shops,
          nicolae_shop_bloodbath_and_beyond
D:2:      layout_basic, dk_vineyard_3, minmay_rat_hole
D:3:      layout_loops_ring, grunt_temple_overflow_open,
          mainiacjoe_overflow_two_lobes
D:4:      layout_loops_cross, nicolae_vehumet_radiance, enter_ossuary_4,
          minmay_misc_feat_diagonals, uniq_ijyb, uniq_edmund,
          uniq_crazy_yiuf_cottage, uniq_blork_the_orc
D:5:      layout_cave_pools, serial_demonic, serial_demonic_b, serial_demonic_g,
          serial_demonic_f, serial_demonic_d
D:6:      kennysheep_big_flooded_room, layout_basic,
          hellmonk_ghost_happy_afterlife, lightli_orcish_oven
D:7:      layout_cave_pools, minmay_temple_entry_stoned_glass, uniq_maggie
D:8:      layout_rooms, gammafunk_ghost_spectres, kennysheep_diamond,
          uniq_amaemon, uniq_psyche
D:9:      layout_long_grid, mainiacjoe_overflow_six_doors_small,
          trog_ov_bears_minmay, lair_entry_dummy, minivault_22
D:10:     layout_rooms, mainiacjoe_overflow_catwalk, uniq_urug
D:11:     layout_gridville, uniq_erica
Lair:1:   layout_roguey [special_room_bee], worms_lemuel
Lair:2:   layout_misc_corridors, spider_nest_entry_funnel_web, basic_altar,
          gauntlet_entry_generic, beast_lair_carwin_6, lemuel_fruit_fields,
          uniq_fannar
Lair:3:   layout_layer_cave, minmay_shoals_entry_beasts

Skill      XL: |  1  2  3  4  5  6  7  8  9 10 11 12 13 |
---------------+----------------------------------------+-----
Fighting       | 4 5 6 7 8 9 |  9.0
Dodging        | 1 3 4 5 6 8 9 10 | 10.8
Stealth        | 2 |  2.0
Conjurations   | 1 2 |  2.0
Spellcasting   | 2 3 |  3.0
Fire Magic     | 4 |  4.0
Axes           | 6 7 8 11 12 | 12.4
Evocations     | 2 6 |  6.0
Ice Magic      | 3 |  3.0
Throwing       | 3 6 |  6.0
Hexes          | 5 |  5.2
Earth Magic    | 5 |  5.0
Polearms       | |  3.5

Action                   |  1- 3 |  4- 6 |  7- 9 | 10-12 | 13-15 || total
-------------------------+-------+-------+-------+-------+-------++-------
Melee: Spear             |    58 |       |       |       |       ||    58
       Tentacles         |    13 |    32 |    51 |   101 |    21 ||   218
       Constrict         |    13 |    49 |    45 |    67 |     8 ||   182
       Whip              |    33 |   184 |    66 |       |       ||   283
       Punch             |       |     1 |     4 |     7 |     1 ||    13
       War axe           |       |       |   134 |   380 |    75 ||   589
       Scimitar          |       |       |       |     7 |       ||     7
Throw: Throwing net      |       |       |     2 |     1 |       ||     3
       Dart              |       |       |       |     1 |       ||     1
       Javelin           |       |       |       |       |     1 ||     1
 Cast: Scorch            |     1 |       |     5 |     3 |       ||     9
       Conjure Flame     |       |       |     3 |     7 |     1 ||    11
       Ozocubu's Armour  |       |       |       |    22 |     2 ||    24
       Leda's Liquefacti |       |       |       |     1 |     5 ||     6
       Confusing Touch   |       |       |       |       |     1 ||     1
Invok: Fiery Armour      |       |     2 |     3 |     1 |       ||     6
       Foxfire Swarm     |       |       |       |     2 |       ||     2
Evoke: Wand              |       |       |     5 |    17 |     7 ||    29
       Piece from Xom's  |       |       |       |     5 |       ||     5
  Use: Scroll            |       |     6 |     5 |    10 |       ||    21
       Potion            |       |     3 |     1 |    17 |     1 ||    22
 Stab: Sleeping          |     6 |     6 |     7 |     2 |     1 ||    22
       Distracted        |       |     1 |     1 |     4 |       ||     6
       Petrified         |       |       |       |     4 |       ||     4
       Paralysed         |       |       |       |     8 |       ||     8
Armor: Skin              |    10 |    10 |    16 |    63 |    13 ||   112
Dodge: Dodged            |    34 |   156 |   225 |   419 |    67 ||   901

Table legend: (Time is in decaauts)
 A = Elapsed time spent in this place.
 B = Non-inter-level travel time spent in this place.
 C = Inter-level travel time spent in this place.
 D = Time resting spent in this place.
 E = Time spent auto-exploring this place.
 F = Levels seen in this place.
 G = Mean time per level.
                   A        B        C        D        E       F      G
               +--------+--------+--------+--------+--------+-----+--------+
         Total |  18960 |  18252 |    708 |   7488 |   6432 |  15 | 1264.0 |
       Dungeon |  14666 |  14001 |    665 |   5483 |   5278 |  11 | 1333.3 |
          Lair |   3494 |   3451 |     43 |   1613 |   1090 |   3 | 1164.7 |
       Ossuary |    799 |    799 |      0 |    392 |     64 |   1 |  799.0 |
               +--------+--------+--------+--------+--------+-----+--------+

Top non-repeatable levels by time:
     D:4: 2440 daAuts
  Lair:1: 2036 daAuts
     D:6: 1822 daAuts
     D:9: 1805 daAuts
     D:3: 1363 daAuts
  Lair:2: 1259 daAuts
    D:11: 1212 daAuts
     D:7: 1163 daAuts
     D:2: 1144 daAuts
     D:5: 1138 daAuts
    D:10: 1037 daAuts
     D:8: 949 daAuts
 Ossuary: 799 daAuts
     D:1: 591 daAuts
  Lair:3: 198 daAuts
